 Dungeon Crawl Stone Soup version 0.29.1 (webtiles) character file.

Game seed: 13817075080283852029

9380 Lremus the Severer (level 11, -4/142 HPs)
             Began as a Hill Orc Fighter on Sept 13, 2022.
             Was a Believer of Makhleb.
             Killed by divine providence
             ... invoked by an orc priest
              (11 damage)
             ... on level 11 of the Dungeon.
             The game lasted 00:33:41 (11846 turns).

Lremus the Severer (Hill Orc Fighter)              Turns: 11846, Time: 00:33:42

Health: -4/142     AC: 25    Str: 24    XL:     11   Next: 45%
Magic:  11/11      EV:  2    Int:  8    God:    Makhleb [**....]
Gold:   534        SH:  5    Dex: 10    Spells: 10/10 levels left

rFire   . . .      SeeInvis .   a - +1 war axe
rCold   . . .      Faith    .   c - +0 buckler
rNeg    . . .      Spirit   .   (body armour currently unavailable)
rPois   +          Reflect  .   (helmet currently unavailable)
rElec   .          Harm     .   (cloak currently unavailable)
rCorr   .          Rampage  .   (gloves currently unavailable)
Will    .....      NoTele   +   (boots currently unavailable)
Stlth   +.........              v - amulet of the acrobat
HPRegen 0.33/turn               (no ring)
MPRegen 0.12/turn               (no ring)

@: tree-form
A: stationary, stasis, torment immunity, boosted hp
a: Renounce Religion, Convert to Beogh, Minor Destruction


You were on level 11 of the Dungeon.
You worshipped Makhleb.
Makhleb was pleased with you.
You were a tree.
You visited 2 branches of the dungeon, and saw 12 of its levels.

You collected 649 gold pieces.
You spent 115 gold pieces at shops.

Inventory:

Hand Weapons
 a - a +1 war axe (weapon)
 b - a +0 shortbow of flaming
Missiles
 k - 143 stones (quivered)
 q - 34 poisoned darts
 w - 15 boomerangs
 y - 5 javelins
 K - 7 curare-tipped darts
 U - 3 atropa-tipped darts
Armour
 c - a +0 buckler (worn)
 h - a +2 helmet (melded)
 r - a scarf of resistance
 z - a +2 cloak (melded)
 A - the +1 pair of boots of Kitap {SInv}
   (You found it on level 5 of the Dungeon)

   SInv:      It lets you see invisible.
 L - a scarf of invisibility
 M - a +4 chain mail (melded)
 T - a +2 pair of boots (melded)
Jewellery
 v - an amulet of the acrobat (around neck)
 O - a ring of see invisible
 Q - a ring of magical power
Wands
 C - a wand of mindburst (17)
 D - a wand of acid (2)
 J - a wand of paralysis (3)
Scrolls
 f - 2 scrolls of vulnerability
 g - 2 scrolls of immolation
 i - 2 scrolls of blinking
 l - 7 scrolls of teleportation
 m - 4 scrolls of amnesia
 n - 3 scrolls of silence
 o - 3 scrolls of butterflies
 p - 5 scrolls of noise
 s - a scroll of magic mapping {unknown}
 u - a scroll of poison {unknown}
 B - 2 scrolls of enchant weapon
 E - a scroll of enchant armour
 F - 2 scrolls of fear {unknown}
 H - a scroll of torment {unknown}
 S - 3 scrolls of identify
Potions
 d - 2 potions of might
 e - a potion of heal wounds
 j - 2 potions of mutation
 t - 3 potions of flight
 x - 7 potions of curing
 G - 2 potions of lignification
 I - 4 potions of magic
 N - a potion of haste
 P - a potion of cancellation
 R - a potion of brilliance


   Skills:
 + Level 8.9 Fighting
 - Level 16.0 Axes
 + Level 8.1 Armour
 + Level 8.1 Shields
 - Level 4.3 Evocations


You had 10 spell levels left.
You didn't know any spells.
Your spell library contained the following spells:

 Spells                   Type           Power      Damage    Failure   Level
 Gell's Gravitas          Tloc           0%         N/A       85%         3
 Teleport Other           Tloc           0%         N/A       85%         3
 Tukima's Dance           Hex            0%         N/A       85%         3
 Passage of Golubria      Tloc           0%         N/A       99%         4
 Yara's Violent Unravell  Hex/Tmut       0%         3d3       100%        5
 Dispersal                Tloc           0%         N/A       100%        6


Dungeon Overview and Level Annotations

Branches:
Dungeon (11/15)            Temple (1/1) D:7            Lair (0/5) D:11
    Orc: D:9-12

Altars:
Ashenzari
Cheibriados
Dithmenos
Elyvilon
Fedhas
Gozag
Hepliaklqana
Kikubaaqudgha
Makhleb
Nemelex Xobeh
Okawaru
Qazlal
Ru
Sif Muna
Trog
Uskayaw
Vehumet
Wu Jian
Xom
Yredelemnul
Zin
The Shining One

Shops:
D:3 ?   D:8 !


Message History

You hit the orc priest.
The orc priest is moderately wounded.
The orc warrior hits you but does no damage.
You hit the orc priest.
The orc priest is moderately wounded.
The orc priest hits you but does no damage.
The boulder beetle stops rolling and uncurls.
The orc warrior hits you but does no damage.
You slash the orc priest!
You kill the orc priest!
Makhleb accepts your kill.
You slash the warg!
The warg is heavily wounded.
The warg bites you but does no damage. You block the orc warrior's attack.
You closely miss the warg.
The warg is heavily wounded.
The orc priest shouts, "Surrender to Beogh and we'll let you live!"
The warg completely misses you.
The orc warrior hits you but does no damage.
You hit the warg but do no damage.
The warg is heavily wounded.
The warg bites you but does no damage.
You barely miss the warg.
The warg is heavily wounded.
The orc warrior hits you from afar with a +0 halberd!
* * * LOW HITPOINT WARNING * * *
The warg bites you.
* * * LOW HITPOINT WARNING * * *
You hit the warg.
The warg is heavily wounded.
The warg bites you!
* * * LOW HITPOINT WARNING * * *
The orc warrior hits you from afar with a +0 halberd!
* * * LOW HITPOINT WARNING * * *
The orc priest shouts, "Surrender to Beogh and we'll let you live!"
You slash the warg!
The warg is almost dead.
The orc priest calls down the wrath of Beogh upon you.
Beogh smites you!
You die...

~~..... .. #~~~~~.#...
....# ... #~~~~~~...#
....## ....#~~~~~~....
.....##
....#~~~~~~...#
.......
.....~~~~~~...#
.○.....
.....~~~~~~oo)###....#
>....o~~~~#°#.♣hoo...+
..o...o<~.#B####B....#
......o~o..○.# #.o...#
...!#.~.o..B.###.#+###
... #.###...h.##o# .
#. #......##.# ##
#.....o°.h#
#......h.o#
#.....o#c.#


You could see a boulder beetle, a warg, an orc warrior, 3 orc priests and an orc
wizard.

Vanquished Creatures
  A centaur warrior (D:11)
  2 two-headed ogres
  Maurice (D:9)
  Maggie (D:7)
  A hornet (D:9)
  2 trolls (D:10)
  6 slime creatures
  2 wyverns
  10 yaks
  3 steam dragons
  Edmund (D:4)
  An acid dragon (D:10)
  Duvessa (D:6)
  A water moccasin (D:6)
  A sky beast (D:6)
  3 ice beasts
  An ogre (D:5)
  5 centaurs
  4 kobold brigands
  A phantom (D:5)
  2 bullfrogs
  A necrophage (D:7)
  3 scorpions
  Dowan (D:6)
  A howler monkey (D:9)
  5 hounds
  4 jellies
  Crazy Yiuf (D:4)
  6 orc priests
  2 gnoll boudas
  2 iguanas (D:5)
  10 orc wizards
  6 gnolls
  7 adders
  2 white imps
  A worm (D:2)
  A dart slug (D:4)
  35 orcs
  6 ball pythons
  9 endoplasms
  A giant cockroach (D:1)
  5 goblins
  9 hobgoblins
  4 jackals (D:2)
  4 quokkas
  5 bats
  3 frilled lizards
  25 kobolds
  4 rats
213 creatures vanquished.

Vanquished Creatures (others)
  An orc wizard (D:8)
  2 gnolls (D:8)
  5 fungi (D:7)
  9 plants (D:5)
  9 toadstools (D:7)
26 creatures vanquished.

Grand Total: 239 creatures vanquished

Notes
Turn   | Place    | Note
-------+----------+-------------------------------------------
     0 | D:1      | Lremus the Hill Orc Fighter began the quest for the Orb.
     0 | D:1      | Reached XP level 1. HP: 19/19 MP: 1/1
   112 | D:1      | Reached skill level 3 in Axes
   192 | D:1      | Reached XP level 2. HP: 26/26 MP: 2/2
   449 | D:1      | Reached skill level 4 in Axes
   859 | D:2      | Reached XP level 3. HP: 23/31 MP: 3/3
  1152 | D:2      | Reached skill level 5 in Axes
  1439 | D:2      | Found a faded altar of an unknown god.
  1776 | D:3      | Reached XP level 4. HP: 27/39 MP: 4/4
  2140 | D:3      | Found Ezezacso's Magic Scroll Shop.
  2148 | D:3      | Bought a scroll of enchant armour for 82 gold pieces
  2148 | D:3      | Bought a scroll of identify for 22 gold pieces
  2148 | D:3      | Bought a scroll of noise for 11 gold pieces
  2237 | D:3      | Reached skill level 6 in Axes
  2738 | D:4      | Reached XP level 5. HP: 45/45 MP: 5/5
  2773 | D:4      | Found a snail-covered altar of Cheibriados.
  2826 | D:4      | Found a runed translucent door.
  2827 | D:4      | Noticed Crazy Yiuf
  2867 | D:4      | Identified the +1 dagger of the Gazing Gods {vorpal, Str+2}
  2998 | D:4      | Found a radiant altar of Vehumet.
  3244 | D:4      | Noticed Edmund
  3252 | D:4      | Killed Edmund
  3253 | D:4      | Reached skill level 8 in Axes
  3253 | D:4      | Reached XP level 6. HP: 16/51 MP: 6/6
  3615 | D:4      | Killed Crazy Yiuf
  3694 | D:5      | Entered Level 5 of the Dungeon
  4042 | D:5      | Reached skill level 9 in Axes
  4127 | D:5      | Identified the +1 pair of boots of Kitap {SInv}
  4204 | D:5      | Reached skill level 10 in Axes
  4204 | D:5      | Reached XP level 7. HP: 12/57 MP: 7/7
  4478 | D:5      | Found a glowing golden altar of the Shining One.
  4768 | D:5      | Reached skill level 11 in Axes
  4790 | D:5      | Found an iron altar of Okawaru.
  4975 | D:5      | Reached XP level 8. HP: 64/64 MP: 8/8
  5316 | D:6      | Reached skill level 12 in Axes
  5343 | D:6      | Noticed Duvessa
  5343 | D:6      | Noticed Dowan
  5369 | D:6      | Killed Duvessa
  5371 | D:6      | Killed Dowan
  5746 | D:6      | Found an ornate altar of the Wu Jian Council.
  5911 | D:6      | Reached skill level 5 in Fighting
  6122 | D:6      | Found a broken altar of Ashenzari.
  6239 | D:7      | Reached skill level 5 in Shields
  6264 | D:7      | Reached skill level 5 in Armour
  6264 | D:7      | Reached XP level 9. HP: 72/74 MP: 9/9
  6752 | D:7      | Found a staircase to the Ecumenical Temple.
  6789 | D:7      | Noticed Maggie
  6945 | D:7      | HP: 2/75 [Maggie/+0 morningstar (14)]
  6946 | D:7      | Killed Maggie
  6949 | Temple   | Entered the Ecumenical Temple
  7278 | Temple   | Became a worshipper of Makhleb the Destroyer
  7616 | D:7      | Reached skill level 13 in Axes
  7749 | D:7      | Reached skill level 14 in Axes
  8140 | D:7      | Reached XP level 10. HP: 83/83 MP: 10/10
  8425 | D:8      | Noticed a two-headed ogre
  8464 | D:8      | Found a shadowy altar of Dithmenos.
  8523 | D:8      | Reached * piety under Makhleb
  8572 | D:8      | Reached skill level 15 in Axes
  8586 | D:8      | Found Baseth's Distillery.
  8592 | D:8      | Noticed a two-headed ogre
  8696 | D:7      | Killed a two-headed ogre
  9042 | D:8      | Reached skill level 16 in Axes
  9083 | D:8      | Killed a two-headed ogre
  9640 | D:8      | Found a shimmering blue altar of Sif Muna.
  9767 | D:9      | Noticed Maurice
  9888 | D:9      | Killed Maurice
  9988 | D:9      | Found a blossoming altar of Fedhas.
 10242 | D:9      | Paralysed by a hornet for 1 turns
 10253 | D:9      | Reached XP level 11. HP: 56/93 MP: 11/11
 11008 | D:9      | Found a white marble altar of Elyvilon.
 11077 | D:10     | Entered Level 10 of the Dungeon
 11608 | D:10     | Found a glowing silver altar of Zin.
 11802 | D:11     | Noticed a boulder beetle
 11802 | D:11     | Found a staircase to the Lair.
 11808 | D:11     | Noticed a centaur warrior
 11833 | D:11     | Reached ** piety under Makhleb
 11836 | D:11     | Killed a centaur warrior
 11845 | D:11     | HP: 7/142 [orc warrior/+0 halberd (9)]
 11846 | D:11     | Killed from afar by an orc priest

Illustrated notes

Levels and vault maps discovered:
D:1:      heliophobic_arrival_ceremonial_halls, layout_basic
D:2:      layout_rooms, shapermc_ecumenical_altar_mp_highgroup,
          grunt_decor_one_mirror
D:3:      layout_basic, serial_shops, shop_fountains
D:4:      layout_basic, mainiacjoe_overflow_tiny_flanked, kennysheep_mini,
          uniq_edmund, uniq_crazy_yiuf_cottage
D:5:      layout_rooms, lemuel_tele_altar, okawaru_altar_gauntlet_db,
          serial_bayou_pond_a, grunt_decor_clamped
D:6:      layout_cave_pods, ashenzari_conservatory_becter,
          mainiacjoe_overflow_catwalk, uniq_duvessa
D:7:      cheibrodos_fertilizer, layout_basic, minmay_temple_entry_mist,
          minmay_misc_feat_doors, nrook_campfire, kennysheep_cross_room,
          st_stairs_11, nicolae_elevator_lobby_plus, uniq_maggie
D:8:      layout_rooms, nicolae_overflow_crystal_walls, tgw_sif, serial_shops,
          nicolae_shop_trees
D:9:      layout_irregular_city, fedhas_altar_1, lemuel_coloured_pillars_altar,
          uniq_maurice
D:10:     layout_basic, mainiacjoe_overflow_surrounded_room
D:11:     layout_basic, erik_lair_orcish_takeover, david_orc_3,
          portal_ice_cave_demonic_guard, serial_bayou, serial_bayou_crossing,
          serial_bayou_pond_e, serial_bayou_pond_e, serial_bayou_pond_e
Temple:   minmay_freezing_vapour_temple

Skill      XL: |  1  2  3  4  5  6  7  8  9 10 11 |
---------------+----------------------------------+-----
Axes           | 3 4 5 6 8 10 11 12 14 16 | 16.0
Fighting       | 5 7 8 |  8.9
Armour         | 5 6 8 |  8.1
Shields        | 5 7 8 |  8.1
Evocations     | 4 |  4.3

Action                   |  1- 3 |  4- 6 |  7- 9 | 10-12 || total
-------------------------+-------+-------+-------+-------++-------
Melee: War axe           |   110 |   143 |   310 |   271 ||   834
       Unarmed           |       |     6 |       |       ||     6
Throw: Stone             |       |       |     4 |    70 ||    74
       Dart              |       |       |     1 |     5 ||     6
Evoke: Wand              |       |       |       |     4 ||     4
  Use: Scroll            |     3 |     6 |     1 |    10 ||    20
       Potion            |       |     1 |     1 |     2 ||     4
 Stab: Paralysed         |       |       |       |     6 ||     6
Armor: Chain mail        |    62 |    71 |   161 |   139 ||   433
       Skin              |       |       |       |    16 ||    16
Dodge: Dodged            |    37 |    41 |   107 |   102 ||   287
Block: Buckler           |    21 |    23 |    42 |    50 ||   136
